Match 21394074
Unlisted

Match 21394074
End
Construct Infanterie Kompanie
MG 42 Machine Gun Team
Grenadier Squad
Grenadier Squad
Construct Panzergrenadier Kompanie
Panzergrenadier Squad
251 Medium Carrier
Panzergrenadier Officer Quarters
Pak 40 Anti-tank Gun Team
Selects Mechanized Battlegroup
Selects Raid Package
Selects 8 Rad Armored Car
8 Rad Armored Car
8 Rad Armored Car
Pioneer Squad
Selects UNKNOWN (2160084)
Support Elements
Nebelwerfer 42 Rocket Launcher Team
StuG III G Assault Gun
Selects Mobile Repair Stations
Construct Panzer Kompanie
Nebelwerfer 42 Rocket Launcher Team
Selects Stoßtruppen Assault Package
Panther Heavy Tank
Panzer Officer Quarters
Kettenkrad Recon Vehicle
MG 42 Bunker
Selects Mechanized Assault
Mechanized Assault
Infanterie Officer Quarters
Mechanized Assault
MG 42 Bunker
Mahi Mahi
[KMLT]Merlin
Sev | Stryker
Jesulin
Eber
TiburoN
0
0

Comments sign in to comment!

No comments posted yet!